 Dungeon Crawl Stone Soup version 0.30-a0-916-g9813417 (webtiles) character file.

Game seed: 17537007038578297575

2 Think the Ducker (level 1, 0/16 HPs)
             Began as an Octopode Fighter on Mar 20, 2023.
             Slain by a jackal (3 damage)
             ... on level 1 of the Dungeon.
             The game lasted 00:00:15 (76 turns).

Think the Ducker (Octopode Fighter)                   Turns: 76, Time: 00:00:16

Health: 0/16       AC:  1    Str: 15    XL:     1   Next: 30%
Magic:  1/1        EV: 13    Int: 10    God:
Gold:   30         SH:  4    Dex: 11    Spells: 0/0 levels left

rFire   . . .      SeeInvis .    a - +0 long sword
rCold   . . .      Faith    .    b - +0 buckler
rNeg    . . .      Spirit   .    (helmet restricted)
rPois   .          Reflect  .    (no amulet)
rElec   .          Rampage  .    (no ring)
rCorr   .                        (no ring)
Will    .....                    (no ring)
Stlth   ++                       (no ring)
HPRegen 0.22/turn                (no ring)
MPRegen 0.07/turn                (no ring)
                                 (no ring)
                                 (no ring)

@: mighty
A: almost no armour, amphibious, 8 rings, camouflage 1, gelatinous body 1,
(nimble swimmer 1), tentacles
a: no special abilities


You were on level 1 of the Dungeon.
You visited 1 branch of the dungeon, and saw 1 of its levels.

You collected 30 gold pieces.

Inventory:

Hand Weapons
 a - a +0 long sword (weapon)
Armour
 b - a +0 buckler (worn)
Scrolls
 d - a scroll of vulnerability {unknown}
 f - a scroll of brand weapon {unknown}
Potions
 e - a potion of flight {unknown}


   Skills:
 - Level 3.0 Fighting
 - Level 2.0 Long Blades
 + Level 3.1 Dodging
 - Level 3.0 Shields


You couldn't memorise any spells.
You didn't know any spells.
Your spell library was empty.

Dungeon Overview and Level Annotations

Branches:
Dungeon (1/15)

Altars:

Shops:
D:1 *


Innate Abilities, Weirdness & Mutations

You cannot wear most types of armour.
You are amphibious.
You can wear up to eight rings at the same time.
Your skin changes colour to match your surroundings (Stealth+).
Your rubbery body absorbs attacks. (AC +1, EV +1)
((You are camouflaged when in or above water. (Stealth+)))
You have tentacles for arms and can constrict up to eight enemies at once.


Message History

There are monsters nearby!
A jackal comes into view.
A kobold comes into view. It is wielding a +1 whip of flaming.
The jackal barks!
The kobold shouts!
A giant cockroach comes into view.
You closely miss the jackal.
The jackal barks!
Your grab misses the jackal. The jackal bites you.
The goblin hits you with a +0 dagger. The jackal bites you.
You miss the jackal. You grab the jackal.
You squeeze the jackal, but do no damage.
You constrict the jackal.
The jackal escapes!
The goblin misses you. You block the jackal's attack.
You closely miss the jackal. Your grab misses the jackal.
You squeeze the jackal.
The jackal is almost dead.
The jackal bites you. The goblin barely misses you.
The kobold throws a stone.
You block the stone. You block the jackal's attack.
The jackal closely misses you.
An endoplasm comes into view.
You block the goblin's attack. The jackal attacks as you move away!
You block the jackal's attack. The jackal closely misses you.
The giant cockroach bites you. The goblin hits you with a +0 dagger.
* * * LOW HITPOINT WARNING * * *
The giant cockroach bites you.
* * * LOW HITPOINT WARNING * * *
You block the jackal's attack. You block the kobold's attack.
The giant cockroach attacks as you move away!
You block the giant cockroach's attack.
You feel very mighty all of a sudden. The giant cockroach barely misses you.
You miss the jackal. Your grab misses the jackal. The jackal misses you.
The jackal barely misses you. The giant cockroach barely misses you.
The jackal closely misses you. The jackal barely misses you.
The giant cockroach barely misses you.
You closely miss the jackal. Your grab misses the jackal. The jackal bites you.
* * * LOW HITPOINT WARNING * * *
The jackal bites you.
You die...

#...........(#
#............#
#............# ###
#............# ....
#............# .....
#............# #.....
#.....##.....###......
########...$.#h.......
#####....gh@#
#.........B##
#..........+
#..........#
#..........#
#.∩........#
............#
.............#
###..........#


You could see 2 jackals, a giant cockroach and a goblin.

Vanquished Creatures
  An endoplasm (D:1)
  A ball python (D:1)
2 creatures vanquished.

Notes
Turn   | Place    | Note
-------+----------+-------------------------------------------
     0 | D:1      | Think the Octopode Fighter began the quest for the Orb.
     0 | D:1      | Reached XP level 1. HP: 16/16 MP: 1/1
    61 | D:1      | Found Fohiuw's General Store.
    76 | D:1      | Slain by a jackal

Illustrated notes

Levels and vault maps discovered:
D:1:      nicolae_arrival_washed_ashore, layout_basic, serial_shops,
          shop_fountains, shop, shop

Action                     || total
---------------------------++-------
  Melee: Long sword        ||     8
         Tentacles         ||     3
         Constrict         ||     2
    Use: Potion            ||     1
  Dodge: Dodged            ||    12
  Block: Buckler           ||     8

Table legend: (Time is in decaauts)
 A = Elapsed time spent in this place.
 B = Non-inter-level travel time spent in this place.
 C = Inter-level travel time spent in this place.
 D = Time resting spent in this place.
 E = Time spent auto-exploring this place.
 F = Levels seen in this place.
 G = Mean time per level.
                   A        B        C        D        E       F      G
               +--------+--------+--------+--------+--------+-----+--------+
         Total |     78 |     78 |      0 |      0 |     49 |   1 |   78.0 |
       Dungeon |     78 |     78 |      0 |      0 |     49 |   1 |   78.0 |
               +--------+--------+--------+--------+--------+-----+--------+

Top non-repeatable levels by time:
     D:1: 78 daAuts
